 Dungeon Crawl Stone Soup version 0.23.2-1-ga50397a (webtiles) character file.

Game seed: 9172197129786579570

291 MalarOregon the Poker (level 6, -1/51 HPs)
             Began as a Merfolk Gladiator on May 16, 2019.
             Killed from afar by an orc wizard (7 damage)
             ... with a magic dart
             ... on level 4 of the Dungeon.
             The game lasted 00:04:21 (3209 turns).

MalarOregon the Poker (Merfolk Gladiator)           Turns: 3209, Time: 00:04:22

Health: -1/51      AC:  4    Str: 15    XL:     6   Next: 32%
Magic:  6/6        EV: 14    Int: 12    God:
Gold:   153        SH:  0    Dex: 16    Spells: 5/5 levels left

rFire    . . .     SeeInvis .   a - +0 trident
rCold    . . .     Gourm    .   (no shield)
rNeg     . . .     Faith    .   b - +0 leather armour
rPois    .         Spirit   .   c - +0 helmet
rElec    .         Reflect  .   (no cloak)
rCorr    .         Harm     .   (no gloves)
MR       .....                  (no boots)
Stlth    +.........             (no amulet)
HPRegen  0.17/turn              t - +4 ring of intelligence
MPRegen  0.10/turn              (no ring)

@: no status effects
A: change form in water, swift swim, stealthy swim
a: no special abilities


You were on level 4 of the Dungeon.
You were not hungry.

You visited 1 branch of the dungeon, and saw 4 of its levels.

You collected 153 gold pieces.

Inventory:

Hand Weapons
 a - a +0 trident (weapon)
Missiles
 d - 3 throwing nets (quivered) {!f}
 r - 2 tomahawks of returning
Armour
 b - a +0 leather armour (worn)
 c - a +0 helmet (worn)
Jewellery
 p - an uncursed amulet of harm {unknown}
   (You found it on level 2 of the Dungeon)
 s - an uncursed amulet of faith {unknown}
   (You found it on level 3 of the Dungeon)
 t - a +4 ring of intelligence (left hand)
   (You found it on level 3 of the Dungeon)
Scrolls
 f - 2 scrolls of remove curse {unknown}
 h - 6 scrolls of identify {unknown}
 j - 2 scrolls of teleportation {unknown}
 l - a scroll of amnesia {unknown}
 n - a scroll of noise {unknown}
Potions
 g - a potion of agility {unknown}
 i - a potion of flight {unknown}
 k - a potion of cancellation {unknown}
 m - a potion of might {unknown}
 o - a potion of invisibility {unknown}
Comestibles
 e - 5 rations {!d}
 u - 4 chunks of flesh


   Skills:
 + Level 5.2 Fighting
 + Level 7.7 Polearms
 - Level 2.0 Throwing
 - Level 4.0 Dodging


You had 5 spell levels left.
You didn't know any spells.
Your spell library contained the following spells:

 Spells                   Type           Power        Failure   Level  Hunger
 Animate Skeleton         Necr           N/A          38%         1    ##.....
 Pain                     Necr           #...         38%         1    ##.....
 Regeneration             Chrm/Necr      #.........   77%         3    ####...
 Vampiric Draining        Necr           #.........   77%         3    ####...
 Animate Dead             Necr           N/A          99%         4    #####..


Dungeon Overview and Level Annotations

Branches:
Dungeon (4/15)
 Temple: D:4-7

Altars:
Fedhas


Message History

A magic dart appears from out of thin air!
The magic dart hits you.
* * * LOW HITPOINT WARNING * * *
The orc throws a tomahawk.
The tomahawk misses you. Something hits you but does no damage.
Attack whom?
Aim: an orc, wearing a +0 leather armour You reach to attack!
You hit the orc but do no damage. Something hits you.
* * * LOW HITPOINT WARNING * * *
Unknown command.
Attack whom?
Aim: an orc, wearing a +0 leather armour You reach to attack!
You hit the orc but do no damage. Something hits you.
* * * LOW HITPOINT WARNING * * *
Unknown command.
Attack whom?
Aim: an orc, wearing a +0 leather armour You reach to attack!
You hit the orc. Something hits you.
* * * LOW HITPOINT WARNING * * *
Attack whom?
Aim: an orc, wearing a +0 leather armour (lightly wounded)
Something you can't see is in the way.
You hit something but do no damage. Something barely misses you.
Unknown command.
Attack whom?
Aim: an orc, wearing a +0 leather armour (lightly wounded)
You reach to attack!
You closely miss the orc. Something hits you.
* * * LOW HITPOINT WARNING * * *
Attack whom?
Aim: an orc, wearing a +0 leather armour (lightly wounded)
Something you can't see is in the way.
You closely miss something. Something hits you.
* * * LOW HITPOINT WARNING * * *
Attack whom?
Aim: an orc, wearing a +0 leather armour (lightly wounded)
You reach to attack!
You closely miss the orc.
You hear some strange, mumbled words.
Something hits you.
* * * LOW HITPOINT WARNING * * *
It was a potion of curing.
You feel better. Something hits you.
* * * LOW HITPOINT WARNING * * *
You hear some strange, mumbled words.
A magic dart appears from out of thin air!
The magic dart hits you!
You die...

## # ..# ##### .. #.#
#...# #.. #.# #.#.# #...
#.# #.#.# #.... #.#.#.#.#
###
#....o###.#.#.#.#######[.
......o(@..(#.#..........
#.....###.###.#########..
#.... #.# #.# #.... ####
#)###.# #.#.. #.#...#
#.#.. #.#.### #.#.. #.#<#
#.#.. #.##### #.###
#.....# #.###


You could see 2 orcs.

Vanquished Creatures
  A centaur zombie (D:3)
  A hound (D:3)
  An orc priest (D:3)
  An orc wizard (D:3)
  An iguana (D:4)
  4 adders
  An ooze (D:2)
  A worm (D:3)
  A dart slug (D:2)
  3 leopard geckos
  12 orcs
  4 giant cockroaches
  9 goblins
  4 hobgoblins
  9 jackals
  7 kobolds
  2 quokkas
  A ball python (D:1)
  10 bats
  3 frilled lizards
  6 rats
82 creatures vanquished.

Notes
Turn   | Place    | Note
-------+----------+-------------------------------------------
     0 | D:1      | MalarOregon the Merfolk Gladiator began the quest for the
                  | Orb.
     0 | D:1      | Reached XP level 1. HP: 16/16 MP: 1/1
   112 | D:1      | Reached XP level 2. HP: 23/23 MP: 2/2
   247 | D:1      | Reached skill level 5 in Polearms
   875 | D:2      | Reached XP level 3. HP: 29/29 MP: 3/3
  1308 | D:2      | Reached XP level 4. HP: 35/35 MP: 4/4
  1462 | D:3      | Reached skill level 6 in Polearms
  1971 | D:3      | Reached XP level 5. HP: 42/42 MP: 5/5
  2010 | D:3      | Reached skill level 7 in Polearms
  2451 | D:3      | Reached skill level 5 in Fighting
  2451 | D:3      | Reached XP level 6. HP: 38/51 MP: 6/6
  2796 | D:3      | Found a blossoming altar of Fedhas.
  3207 | D:4      | HP: 2/51 [something (4)]
  3209 | D:4      | Killed from afar by an orc wizard

Skill      XL: |  1  2  3  4  5 |
---------------+----------------+-----
Polearms       | 5 6 7 |  7.7
Fighting       | 3 4 5 |  5.2
Throwing       | |  2.0
Dodging        | |  4.0

Action                   |  1- 3 |  4- 6 || total
-------------------------+-------+-------++-------
Melee: Trident           |   132 |   209 ||   341
  Use: Potion            |       |     1 ||     1
 Stab: Sleeping          |     3 |     2 ||     5
  Eat: Chunk             |     1 |     7 ||     8
Armor: Leather armour    |    33 |    33 ||    66
Dodge: Dodged            |    85 |   114 ||   199
